 Dungeon Crawl Stone Soup version 0.29-a0-872-g797fff5ad1 (webtiles) character file.

Game seed: 8077172399772778387

8 mathmaestro the Grave Robber (level 2, 20/20 HPs)
             Began as a Demonspawn Necromancer on July 18, 2022.
             Quit the game on level 1 of the Dungeon.
             The game lasted 00:01:21 (520 turns).

mathmaestro the Grave Robber (DsNe)                  Turns: 520, Time: 00:01:21

Health: 20/20      AC:  2    Str:  8    XL:     2   Next: 0%
Magic:  3/5        EV: 12    Int: 16    God:
Gold:   60         SH:  0    Dex: 13    Spells: 4/5 levels left

rFire   . . .      SeeInvis .   c - +0 dagger
rCold   . . .      Faith    .   (no shield)
rNeg    . . .      Spirit   .   a - +0 robe
rPois   .          Reflect  .   (no helmet)
rElec   .          Harm     .   (no cloak)
rCorr   .          Rampage  .   (no gloves)
Will    .....                   (no boots)
Stlth   ++........              (no amulet)
HPRegen 0.06/turn               (no ring)
MPRegen 0.09/turn               (no ring)

@: no status effects
A: spiny 1
a: no special abilities


You were on level 1 of the Dungeon.
You visited 1 branch of the dungeon, and saw 1 of its levels.

You collected 60 gold pieces.

Inventory:

Hand Weapons
 c - a +0 dagger (weapon)
Armour
 a - a +0 robe (worn)
Potions
 b - a potion of magic


   Skills:
 + Level 0.5 Fighting
 + Level 1.9 Dodging
 - Level 2.0 Stealth
 + Level 2.1 Spellcasting
 + Level 4.4 Necromancy


You had 4 spell levels left.
You knew the following spells:

 Your Spells              Type           Power      Damage    Failure   Level
a - Necrotise             Necr           64%        1d7       3%          1

Your spell library contained the following spells:

 Spells                   Type           Power      Damage    Failure   Level
 Vampiric Draining        Necr           16%        2d7       10%         3
 Animate Dead             Necr           16%        N/A       32%         4
 Agony                    Necr           16%        N/A       65%         5


Dungeon Overview and Level Annotations

Branches:
Dungeon (1/15)

Altars:

Annotations:
D:1 2 runed translucent doors


Innate Abilities, Weirdness & Mutations

You are partially covered in sharp spines.


Message History

Your rat skeleton crumbles into dust!
HP restored.
Found a large runed translucent door.
The orc shouts!
The orc shouts! x2; You hear an angry hiss.
The orc shouts!
You hear a shout!
The frilled lizard hisses angrily.
The orc shouts! x2; You hear a shout!
The orc shouts!
You hear a shout!
The orc shouts!
You hear a shout!
You now have 30 gold pieces (gained 5).
You now have 43 gold pieces (gained 13).
You now have 52 gold pieces (gained 9).
You now have 60 gold pieces (gained 8).
An endoplasm comes into view.
Press: ? - help, v - describe, . - travel
Here: an orc, wielding a +0 mace (fire blocked by a runed translucent door)
The floor.
Unknown command.
The endoplasm quivers.
Casting: Necrotise (safe; 3% risk of failure)
Confirm with . or Enter, or press ? or * to list all spells.
Aiming: Necrotise (safe; 3% risk of failure)
Press: ? - help, Shift-Dir - straight line, f - endoplasm
Aim: an endoplasm (chance to affect: 85%)
The endoplasm writhes in agony!
You kill the endoplasm!
A bat comes into view.
Casting: Necrotise (safe; 3% risk of failure)
Confirm with . or Enter, or press ? or * to list all spells.
Aiming: Necrotise (safe; 3% risk of failure)
Press: ? - help, Shift-Dir - straight line, f - bat
Aim: a bat (asleep, chance to affect: 86%)
The bat writhes in agony.
You kill the bat!
The dead are flying!
Training target 2.0 for Stealth reached!
Your Stealth skill increases to level 2!
You have reached level 2!
Your demonic ancestry asserts itself...
Sharp spines emerge from parts of your body.
Are you sure you want to abandon this character and quit the game? (Confirm with "yes".)

##################
#.................
#...########..#...
#...#...o ##..##.
#...#...B#####...#
#...#.loo#.#.8....
#...#.Soo+........
##@..#.Soo+........
#.....#B.oo#.#.8....
#...#...#..go#####....
......#...#o...
##....# .....
#...########....#.
....Z
#.................
....
#...###........#..
....
#.............#...
#.................


You could see a friendly bat skeleton.

Vanquished Creatures
  2 endoplasms (D:1)
  2 giant cockroaches (D:1)
  A ball python (D:1)
  A bat (D:1)
  A goblin (D:1)
  A rat (D:1)
8 creatures vanquished.

Notes
Turn   | Place    | Note
-------+----------+-------------------------------------------
     0 | D:1      | mathmaestro the Demonspawn Necromancer began the quest for
                  | the Orb.
     0 | D:1      | Reached XP level 1. HP: 13/13 MP: 3/3
   434 | D:1      | Found a large runed translucent door.
   434 | D:1      | Found a large runed translucent door.
   520 | D:1      | Gained mutation: You are partially covered in sharp spines.
                  | [demonic ancestry]
   520 | D:1      | Reached XP level 2. HP: 20/20 MP: 3/5
   520 | D:1      | Quit the game

Illustrated notes

Levels and vault maps discovered:
D:1:      erik_arrival_cave_to_civilisation [erik_arrival_cave_to_temple],
          layout_rooms, ebering_ecumenical_altar_box, lemuel_old_faithful

Skill      XL: |  1 |
---------------+----+-----
Stealth        | 2 |  2.0
Fighting       | |  0.5
Dodging        | |  1.9
Spellcasting   | |  2.1
Necromancy     | |  4.4

Action                   || total
-------------------------++-------
Melee: Dagger            ||     6
 Cast: Necrotise         ||    17
Armor: Robe              ||     3
Dodge: Dodged            ||     9

Table legend: (Time is in decaauts)
 A = Elapsed time spent in this place.
 B = Non-inter-level travel time spent in this place.
 C = Inter-level travel time spent in this place.
 D = Time resting spent in this place.
 E = Time spent auto-exploring this place.
 F = Levels seen in this place.
 G = Mean time per level.
                   A        B        C        D        E       F      G
               +--------+--------+--------+--------+--------+-----+--------+
         Total |    519 |    519 |      0 |    226 |    215 |   1 |  519.0 |
       Dungeon |    519 |    519 |      0 |    226 |    215 |   1 |  519.0 |
               +--------+--------+--------+--------+--------+-----+--------+

Top non-repeatable levels by time:
     D:1: 519 daAuts
